 Dungeon Crawl Stone Soup version 0.30-a0-639-g3916f1956a (console) character file.

Game seed: 16374060069613005864

85 petzl the Sneak (level 4, -6/34 (35) HPs)
             Began as a Formicid Delver on Jan 16, 2023.
             Shot with an arrow by a centaur (11 damage)
             ... on level 10 of the Dungeon.
             The game lasted 00:07:43 (678 turns).

petzl the Sneak (Formicid Delver)                    Turns: 678, Time: 00:07:44

HP:   -6/34 (35)    AC:  5    Str: 16    XL:     4   Next: 75%
MP:   9/9           EV: 11    Int: 12    God:
Gold: 16            SH:  0    Dex: 15    Spells: 10/10 levels left

rFire   . . .      SeeInvis +    b - +0 shortbow
rCold   . . .      Faith    .    (no shield)
rNeg    . . .      Spirit   .    i - +0 ring mail
rPois   .          Reflect  .    (helmet unavailable)
rElec   .          Harm     .    (no cloak)
rCorr   .          Rampage  .    (no gloves)
Will    .....                    (no boots)
Stlth   +++                      (no amulet)
HPRegen 0.25/turn                l - ring of flight
MPRegen 0.11/turn                (no ring)

@: flying, lightly drained
A: permanent stasis, dig shafts and tunnels, antennae 3, four strong arms
a: Dig, Shaft Self


You were on level 10 of the Dungeon.
You visited 1 branch of the dungeon, and saw 6 of its levels.

You collected 16 gold pieces.

Inventory:

Hand Weapons
 a - a +0 trident
 b - a +0 shortbow (weapon)
 j - a +0 mace
Armour
 i - a +0 ring mail (worn)
Jewellery
 l - a ring of flight (left hand)
Wands
 g - a wand of digging (3)
Scrolls
 c - a scroll of fog
 d - a scroll of magic mapping
 f - a scroll of poison {unknown}
 k - 2 scrolls of identify {unknown}
Potions
 h - a potion of might {unknown}


   Skills:
 - Level 3.2 Fighting
 - Level 2.0 Maces & Flails
 + Level 0.0 Ranged Weapons
 - Level 1.7 Dodging
 + Level 6.0 Stealth
 + Level 3.9 Spellcasting


You had 10 spell levels left.
You didn't know any spells.
Your spell library contained the following spells:

 Spells                   Type           Power      Damage    Failure   Level
 Tukima's Dance           Hex            2%         N/A       78%         3
 Passage of Golubria      Tloc           2%         N/A       99%         4
 Yara's Violent Unravell  Hex/Tmut       1%         3d3       100%        5


Dungeon Overview and Level Annotations

Branches:
Dungeon (11/15)
 Temple: D:4-7         Lair: D:8-11         Orc: D:9-12

Altars:
Kikubaaqudgha
Xom

Shops:
D:10 [

Annotations:
D:5 exclusion: downstairs
D:8 exclusions: 2 downstairs and wight
D:9 exclusion: downstairs
D:10 exclusions: downstairs, shadow and steam dragon, Fannar


Innate Abilities, Weirdness & Mutations

You cannot be hasted, slowed, berserked, paralysed or teleported.
You can dig through walls and to a lower floor.
You have a pair of large antennae on your head. (SInv)
Your four strong arms can wield two-handed weapons with a shield.


Message History

You closely miss the centaur.
The centaur is moderately wounded.
The centaur hits you. The centaur kicks you. The centaur hits you.
The centaur kicks you.
You hit the centaur.
The centaur is moderately wounded.
The centaur hits you. The centaur closely misses you.
You hit the centaur.
The centaur is heavily wounded.
The centaur hits you but does no damage.
The centaur kicks you. The centaur barely misses you. The centaur kicks you.
You hit the centaur.
The centaur is almost dead.
The centaur hits you.
* * * LOW HITPOINT WARNING * * *
The centaur kicks you but does no damage.
The centaur hits you.
* * * LOW HITPOINT WARNING * * *
The centaur kicks you but does no damage.
As you read the scroll of fear, it crumbles to dust.
You assume a fearsome visage.
The centaur looks frightened!
b - a +0 shortbow (weapon)
You are too injured to fight recklessly!
Fire: b) +0 shortbow
Press: ? - help, Q - select action, (/) - cycle Shift-Dir - straight line, f - centaur
Aim: a centaur, wearing a +0 robe (severely wounded, fleeing, 70% to hit)
You shoot an arrow. The arrow closely misses the centaur.
The centaur nearly stumbles in trying to escape.
Fire: b) +0 shortbow
Press: ? - help, Q - select action, (/) - cycle Shift-Dir - straight line, f/p - centaur
Aim: a centaur, wearing a +0 robe (severely wounded, fleeing, 70% to hit)
You shoot an arrow.
The arrow hits the centaur but does no damage.
Your attack snaps the centaur out of its fear.
The centaur is severely wounded.
There is an open door here.
The centaur shouts!
The centaur wields a +0 shortbow.
The centaur shoots an arrow.
The arrow hits you!
You die...

#. D.. .. ... .. ..# #
..##.## .#. ..#..#####
.... ........ #...
#...#########
.##...##............
...................c
............@.......
#############'#####.....
#.................# ###
#...####..######..# #...
#..# .# #... #..# #
.'...####..#
.#.........#
.#.........##### #.e.
#.............. #...
.#####+#.....### #...
.......#..##.# #.>.
.......#..# .# #...
.......+..##.# #...
.......#..##.# ###+##...
####+###.....#########
#......<.
.....................
...##....
........###........# .
#.... ..####..#
#........####... #..##


You could see a centaur.

Vanquished Creatures
  A centaur (D:9)
  3 orcs (D:8)
  A kobold (D:11)
5 creatures vanquished.

Vanquished Creatures (others)
  A water moccasin (D:8)
  A bullfrog (D:8)
  2 howler monkeys (D:8)
  10 fungi (D:8)
  11 plants (D:8)
25 creatures vanquished.

Grand Total: 30 creatures vanquished

Notes
Turn   | Place    | Note
-------+----------+-------------------------------------------
     0 | D:5      | petzl the Formicid Delver began the quest for the Orb.
     0 | D:5      | Reached XP level 1. HP: 18/18 MP: 1/1
    12 | D:5      | Noticed an ogre
    36 | D:6      | Noticed a necrophage
    48 | D:5      | Noticed an orc wizard
    48 | D:5      | Noticed a black bear
    48 | D:5      | Noticed an orc priest
    59 | D:5      | You fall into a shaft and drop 3 floors!
   100 | D:8      | Killed a water moccasin
   105 | D:8      | Killed a bullfrog
   114 | D:8      | Killed a howler monkey
   116 | D:9      | Noticed a troll
   121 | D:8      | Found an ancient bone altar of Kikubaaqudgha.
   201 | D:8      | Reached skill level 1 in Spellcasting
   219 | D:8      | Killed a howler monkey
   255 | D:8      | Reached XP level 2. HP: 24/24 MP: 4/4
   286 | D:8      | Noticed a wight
   301 | D:8      | Noticed a bullfrog
   310 | D:8      | You fall into a shaft and drop 2 floors!
   310 | D:10     | Entered Level 10 of the Dungeon
   361 | D:10     | Noticed Fannar
   378 | D:9      | Noticed a centaur
   388 | D:9      | Killed a centaur
   389 | D:9      | Reached XP level 3. HP: 19/29 MP: 5/8
   389 | D:9      | Reached XP level 4. HP: 23/35 MP: 5/9
   432 | D:9      | Noticed an orc warrior
   438 | D:8      | Noticed a sky beast
   438 | D:8      | Noticed a yak
   438 | D:8      | Noticed a sky beast
   438 | D:8      | Noticed a black bear
   438 | D:8      | Noticed a wight
   438 | D:8      | Noticed a wight
   438 | D:8      | Noticed a wight
   438 | D:8      | Found a shimmering altar of Xom.
   442 | D:8      | You fall into a shaft and drop 3 floors!
   532 | D:11     | Noticed a manticore
   538 | D:11     | Noticed a two-headed ogre
   584 | D:10     | Found Yssoopp's Armour Shop.
   584 | D:10     | Noticed a shadow
   635 | D:10     | Noticed a centaur
   650 | D:10     | Noticed a steam dragon
   678 | D:10     | Shot with an arrow by a centaur

Illustrated notes

Levels and vault maps discovered:
D:5:      layout_basic, nicolae_gozag_seed_capital, serial_shops, shop,
          minmay_between
D:6:      layout_gridville, fedhas_altar_3, uniq_maggie
D:8:      layout_cave_pods, kennysheep_mini_moat, xom_confusion_cloud,
          makhleb_blood_cavern_becter, due_lair_maze_entry_diamond,
          nrook_campfire
D:9:      layout_roguey, good_gods_temple_1,
          mainiacjoe_overflow_six_doors_small, erik_orc_4
D:10:     layout_stronghold, okawaru_gym_becter, hellmonk_ghost_happy_afterlife,
          serial_shops, nicolae_shop_crystal, enter_bailey_2, uniq_fannar
D:11:     layout_loops_cross, kennysheep_generic_room_3

Skill      XL: |  1  2 |
---------------+-------+-----
Spellcasting   | 1 3 |  3.9
Fighting       | |  3.2
Maces & Flails | |  2.0
Dodging        | |  1.7
Stealth        | |  6.0

Action                   |  1- 3 |  4- 6 || total
-------------------------+-------+-------++-------
Melee: Trident           |    12 |     8 ||    20
       Mace              |     1 |       ||     1
 Fire: Shortbow          |       |     4 ||     4
 Abil: Shaft Self        |     2 |     1 ||     3
  Use: Scroll            |       |     1 ||     1
Armor: Ring mail         |     8 |    11 ||    19
Dodge: Dodged            |    11 |    12 ||    23

Table legend: (Time is in decaauts)
 A = Elapsed time spent in this place.
 B = Non-inter-level travel time spent in this place.
 C = Inter-level travel time spent in this place.
 D = Time resting spent in this place.
 E = Time spent auto-exploring this place.
 F = Levels seen in this place.
 G = Mean time per level.
                   A        B        C        D        E       F      G
               +--------+--------+--------+--------+--------+-----+--------+
         Total |    683 |    683 |      0 |    238 |     10 |   6 |  113.8 |
       Dungeon |    683 |    683 |      0 |    238 |     10 |   6 |  113.8 |
               +--------+--------+--------+--------+--------+-----+--------+

Top non-repeatable levels by time:
     D:8: 254 daAuts
    D:10: 191 daAuts
    D:11: 99 daAuts
     D:9: 78 daAuts
     D:5: 57 daAuts
     D:6: 1 daAuts
